 Dungeon Crawl Stone Soup version 0.18.1-8-gdd0e5ea (webtiles) character file.

140 buf2 the Magician (level 5, 0/38 HPs)
             Began as a Human Wanderer on June 9, 2016.
             Succumbed to an adder's poison
             ... on level 3 of the Dungeon.
             The game lasted 00:12:33 (1857 turns).

buf2 the Magician (Human Wanderer)                  Turns: 1857, Time: 00:12:34

Health: 0/38       AC:  5    Str: 14    XL:     5   Next: 47%
Magic:  1/9        EV: 10    Int: 12    God:
Gold:   158        SH:  0    Dex: 12    Spells: 1 memorised, 9 levels left

rFire  . . .     SeeInvis .     a - +2 short sword
rCold  . . .     Gourm    .     g - +0 ring mail
rNeg   . . .     Faith    .     (no shield)
rPois  .         Spirit   +     (no helmet)
rElec  .         Dismiss  .     (no cloak)
rCorr  .         Reflect  .     (no gloves)
SustAt .         Harm     .     (no boots)
MR     .....                    q - amulet of guardian spirit
Stlth  +.........               n - -2 ring of slaying (curse)
                                l - ring of flight (curse)

@: lethally poisoned (0 -> -2), exhausted, slowed, very slow, not resistant to
hostile enchantments, very unstealthy
A: no striking features
a: Evoke Flight


You were on level 3 of the Dungeon.
You were very hungry.

You visited 1 branch of the dungeon, and saw 3 of its levels.

You collected 158 gold pieces.

Inventory:

Hand Weapons
 a - a +2 short sword (weapon)
 b - a +0 hunting sling
 u - a +0 falchion
 v - a +0 hand axe
Missiles
 i - 44 arrows
 r - 116 stones (quivered)
Armour
 d - a +0 robe
 g - a +0 ring mail (worn)
Jewellery
 l - a cursed ring of flight (left hand)
 n - a cursed -2 ring of slaying (right hand)
 p - an uncursed ring of protection from cold {unknown}
 q - an amulet of guardian spirit (around neck)
Scrolls
 c - 2 scrolls of teleportation
 h - 2 scrolls of fog
 j - a scroll of identify
Potions
 e - a potion of lignification
 t - 2 potions of flight
Books
 k - the Guide on the Rocks

   Spells                             Type                      Level
   a - Sandblast                      Earth                        1
   b - Stone Arrow                    Conjuration/Earth            3
Comestibles
 f - a bread ration
 s - a fruit


   Skills:
 + Level 1.8 Fighting
 + Level 2.6 Short Blades
 + Level 1.5 Slings
 + Level 0.6 Armour
 + Level 1.4 Dodging
 + Level 1.2 Stealth
   Level 1.0 Shields
 + Level 3.1 Spellcasting
   Level 2.0 Necromancy
   Level 1.0 Ice Magic
 + Level 1.0 Earth Magic


You had 9 spell levels left.
You knew the following spells:

 Your Spells              Type           Power        Failure   Level  Hunger
a - Sandblast             Erth           #.....       38%         1    #......


Dungeon Overview and Level Annotations

Branches:
Dungeon (3/15)

Altars:
Xom

Annotations:
D:3 Terence


Message History

You hit Terence but do no damage.
Terence is lightly wounded.
Terence barely misses you.
You hit Terence but do no damage.
Terence is lightly wounded.
You feel sick.
You hit Terence.
Terence is moderately wounded.
Terence closely misses you.
You feel a strong urge to attack something.
You feel your anger subside.
You are no longer berserk.
You are exhausted.
You feel yourself slow down.
You are feeling very hungry.
* * * LOW HITPOINT WARNING * * *
You feel sick. Terence hits you with a short sword.
You barely miss Terence.
Terence is moderately wounded.
You die...

### ..# # ## #.# # .#
#.. #.# # .# #.# #.# ♣
##.#.##
#.######.#####....
...# ..#
##....@@..........
...#
#.###.#####.######....
...#####.#)## #.# .
..###.###.## #.#
..##.S....##### #.#
..............# #.#
#####.#######.# #.. .
...# ### #####..


You could see Terence.

Vanquished Creatures
  The ghost of p0werm0de the Sneak, an amateur FeCK of Xom (D:3)
  A hound (D:1)
  An adder (D:3)
  A worm (D:2)
  2 dart slugs (D:2)
  4 bats
  3 giant cockroaches
  7 hobgoblins
  3 jackals (D:1)
  3 giant newts
  6 goblins
  4 kobolds
  3 rats
39 creatures vanquished.

Notes
Turn   | Place    | Note
--------------------------------------------------------------
     0 | D:1      | buf2 the Human Wanderer began the quest for the Orb.
     0 | D:1      | buf2 set off with: a +2 short sword, the Guide on the Rocks, a scroll of teleportation, a +0 robe, a bread ration
     0 | D:1      | Reached XP level 1. HP: 15/15 MP: 3/3
     2 | D:1      | Learned a level 1 spell: Sandblast
    82 | D:1      | Reached XP level 2. HP: 4/21 MP: 1/5
   836 | D:1      | Reached XP level 3. HP: 7/26 MP: 4/7
   836 | D:1      | Reached XP level 4. HP: 9/32 MP: 4/8
   856 | D:1      | Reached skill level 3 in Spellcasting
  1216 | D:2      | Found a shimmering altar of Xom.
  1398 | D:2      | Reached skill level 1 in Slings
  1419 | D:2      | Reached skill level 1 in Dodging
  1787 | D:3      | Noticed p0werm0de's ghost (amateur FeCK)
  1821 | D:3      | Killed p0werm0de's ghost
  1821 | D:3      | Reached skill level 1 in Earth Magic
  1821 | D:3      | Reached XP level 5. HP: 21/38 MP: 3/9
  1828 | D:3      | Noticed Terence
  1849 | D:3      | HP: 2/57 [poisoned by an adder]
  1855 | D:3      | HP: 1/38 [poisoned by an adder]
  1857 | D:3      | Succumbed to an adder's poison

Skill      XL: |  1  2  3  4 |
---------------+-------------+-----
Spellcasting   | 3 |  3.1
Slings         | 1 |  1.5
Dodging        | 1 |  1.4
Earth Magic    | 1 |  1.0
Fighting       | |  1.8
Short Blades   | |  2.6
Armour         | |  0.6
Stealth        | |  1.2
Shields        | |  1.0
Necromancy     | |  2.0
Ice Magic      | |  1.0

Action                   |  1- 3 |  4- 6 || total
-------------------------+-------+-------++-------
Melee: Short sword       |    42 |    96 ||   138
 Fire: Hunting sling     |    10 |    10 ||    20
 Cast: Sandblast         |     9 |     7 ||    16
  Use: Scroll            |       |     9 ||     9
       Potion            |       |     1 ||     1
  Eat: Chunk             |       |     3 ||     3
Armor: Robe              |     5 |     3 ||     8
       Ring mail         |       |    25 ||    25
Dodge: Dodged            |    34 |    63 ||    97
